 Dungeon Crawl Stone Soup version 0.31-a0-569-g7ea453304b (webtiles) character file.

Game seed: 16386963803221301817

216959 MrShunz the Executioner (level 18, -4/188 HPs)
             Began as a Minotaur Berserker on Aug 18, 2023.
             Was the Champion of Trog.
             Shot with a bolt by a +7 hand crossbow "Gestrieb" {speed, rN++ Int+4 Dex-4} (17 damage)
             ... in a wizard's laboratory.
             The game lasted 01:08:12 (37922 turns).

MrShunz the Executioner (Minotaur Berserker)       Turns: 37922, Time: 01:08:13

Health: -4/188     AC: 31    Str: 38    XL:     18   Next: 37%
Magic:  1/5        EV: 22    Int:  3    God:    Trog [******]
Gold:   791        SH:  0    Dex: 16    Spells: 17/17 levels left

rFire   . . .        a - +9 executioner's axe (antimagic)
rCold   . . .        (shield currently unavailable)
rNeg    . . .        v - +2 plate armour {rPois} {!T}
rPois   +            t - +2 hat
rElec   .            x - +2 cloak {rPois}
rCorr   .            D - +2 pair of gloves {Stlth+}
SInv    +            M - +1 pair of boots
Will    ++...        k - amulet of regeneration Stlth
                     O - +6 ring of strength {=R}
HPRegen 1.31/turn    c - ring "Upryoc" {Will+ EV+5 Dex+5 Slay+3 SInv}
MPRegen 0.09/turn

%: no passive effects
@: on berserk cooldown, slowed, very slow
A: horns 2, retaliatory headbutt, strong 1
}: 1/15 runes: gossamer
a: Renounce Religion, Berserk, Trog's Hand, Brothers in Arms


You were in a wizard's laboratory.
You worshipped Trog.
Trog was exalted by your worship.
You visited 6 branches of the dungeon, and saw 28 of its levels.
You visited the Abyss 1 time.
You also visited: Ossuary, Bailey and Wizlab.

You collected 4292 gold pieces.
You spent 3501 gold pieces at shops.

Inventory:

Hand Weapons
 a - a +9 antimagic executioner's axe (weapon)
 b - a +2 broad axe of flaming
Armour
 t - a +2 hat (worn)
 v - a +2 plate armour of poison resistance (worn) {!T}
 x - a +2 cloak of poison resistance (worn)
 D - a +2 pair of gloves of stealth (worn)
 K - a scarf of repulsion
 M - a +1 pair of boots (worn)
 N - +0 acid dragon scales
 T - a scarf of resistance
Jewellery
 c - the ring "Upryoc" (right hand) {Will+ EV+5 Dex+5 Slay+3 SInv}
   (You acquired it on level 14 of the Dungeon)

   [ring of evasion]

   EV+5:      It affects your evasion (+5).
   Dex+5:     It affects your dexterity (+5).
   Slay+3:    It affects your accuracy & damage with ranged weapons and melee
   (+3).
   Will+:     It increases your willpower.
   SInv:      It lets you see invisible.
 e - a ring of protection from cold
 k - an amulet of regeneration (around neck)
 n - a ring of resist corrosion
 B - a +4 ring of protection
 C - a ring of poison resistance
 F - a +6 ring of strength
 I - a ring of willpower
 L - a ring of protection from fire
 O - a +6 ring of strength (left hand) {=R}
 P - a ring of positive energy
 Q - the ring of Iciecisipu {rF+ rC+}
   (You found it on level 5 of the Lair of Beasts)

   [ring of protection from cold]

   rF+:       It protects you from fire.
   rC+:       It protects you from cold.
Wands
 d - a wand of acid (17)
 s - a wand of digging (8)
 y - a wand of iceblast (15)
 z - a wand of flame (27)
 E - a wand of mindburst (2)
 H - a wand of polymorph (12)
Scrolls
 f - 8 scrolls of teleportation
 l - a scroll of summoning
 p - 5 scrolls of fear
 q - 9 scrolls of identify
 G - 7 scrolls of fog
 J - 2 scrolls of revelation
 S - 2 scrolls of blinking
Potions
 g - 6 potions of heal wounds
 h - 15 potions of curing
 i - 6 potions of enlightenment
 j - 7 potions of might
 m - 3 potions of invisibility
 o - 3 potions of resistance
 r - 5 potions of cancellation
 u - 4 potions of mutation
 w - 4 potions of haste
 A - 2 potions of ambrosia


   Skills:
 * Level 23.3 Fighting
 * Level 23.3 Axes
 + Level 16.5 Armour
 + Level 15.3 Dodging


You had 17 spell levels left.
You didn't know any spells.
Your spell library was empty.

Dungeon Overview and Level Annotations

Branches:
Dungeon (15/15)            Temple (1/1) D:6            Lair (5/5) D:8
  Swamp (0/4) Lair:2       Spider (4/4) Lair:2        Slime (0/5) Lair:5
    Orc (2/2) D:11            Elf (0/3) Orc:2        Vaults (1/5) D:14
 Depths (0/4) D:15        Ossuary (visited)          Bailey (visited)
 WizLab (1/1)

Altars:
Ashenzari
Cheibriados
Dithmenos
Elyvilon
Fedhas
Gozag
Hepliaklqana
Kikubaaqudgha
Makhleb
Nemelex Xobeh
Okawaru
Qazlal
Ru
Sif Muna
Trog
Uskayaw
Vehumet
Wu Jian
Xom
Yredelemnul
Zin
The Shining One

Shops:
D:4 (   D:7 (   D:10 !=[   D:11 [   D:15 *   Orc:2 ?***

Annotations:
D:3 2 transporters
Temple 2 transporters WizLab exclusion: strange machine


Innate Abilities, Weirdness & Mutations

You have a pair of horns on your head.
You reflexively headbutt those who attack you in melee.
Your muscles are strong. (Str +4, Int/Dex -1)


Message History

The +7 hand crossbow "Gestrieb" {speed, rN++ Int+4 Dex-4} shimmers and seems to become two!
The rakshasa closely misses you.
You slice the +2 short sword of speed like a ripe choko!!!
You feel the power of Trog in you as your rage grows.
The +2 short sword of speed falls from the air.
Trog accepts your kill.
You closely miss the +5 vampiric short sword.
Your headbutt misses the +5 vampiric short sword.
The +5 vampiric short sword hits you but does no damage.
The rakshasa weaves an illusion.
The +7 hand crossbow "Gestrieb" {speed, rN++ Int+4 Dex-4} shimmers and seems to become two!
The rakshasa closely misses you.
You slice the +5 vampiric short sword!!
You destroy the +5 vampiric short sword!
The +5 vampiric short sword dissolves into shadows!
You swing at nothing.
The +2 hand crossbow of venom shoots a bolt.
The bolt barely misses you.
The +7 hand crossbow "Gestrieb" {speed, rN++ Int+4 Dex-4} shoots a bolt.
The bolt hits you!
* * * LOW HITPOINT WARNING * * *
The +7 hand crossbow "Gestrieb" {speed, rN++ Int+4 Dex-4} shoots a bolt.
The bolt hits you but does no damage. The rakshasa completely misses you.
You swing at nothing.
You feel a strong urge to attack something.
The +7 hand crossbow "Gestrieb" {speed, rN++ Int+4 Dex-4} shoots a bolt.
The bolt hits you!!
* * * LOW HITPOINT WARNING * * *
The +7 hand crossbow "Gestrieb" {speed, rN++ Int+4 Dex-4} shoots a bolt.
The bolt hits you!
* * * LOW HITPOINT WARNING * * *
You swing at nothing.
You are no longer berserk.
You are exhausted.
You feel yourself slow down.
The +2 hand crossbow of venom shoots a bolt.
The bolt hits you but does no damage.
The +7 hand crossbow "Gestrieb" {speed, rN++ Int+4 Dex-4} shoots a bolt.
The bolt hits you!
You die...

#.........#).###
.###.....###.)###
.###.....###...##
##.....###...##
##..⌠..###...##
##.....###...##
##..R).###...##
##.....###...##
###.@.####...##
##)## ##(((##
##.((((##
##..⌠..##
##.....##
###R8.### ###.###


You could see a strange machine, 2 rakshasas and 7 dancing weapons.

Vanquished Creatures
  Arachne (Spider:4)
  A tentacled starspawn (Abyss:2)
  Agnes (D:14)
  Kirke (Spider:1)
  Aizul (Spider:4)
  Donald (Spider:3)
  4 emperor scorpions
  An ironbound preserver (Vaults:1)
  4 broodmothers
  An ironbound thunderhulk (Vaults:1)
  2 lorocyprocas (Abyss:2)
  A minotaur (D:11)
  3 dire elephants
  3 spark wasps (Spider:4)
  Snorg (D:15)
  2 ettins
  Erolcha (Orc:1)
  8 entropy weavers
  8 vault guards
  4 rakshasas
  3 jorogumos (Spider:4)
  11 hydras
  4 ogre magi
  10 centaur warriors
  3 radroaches
  2 catoblepae
  8 boulder beetles
  A death knight (D:15)
  13 two-headed ogres
  5 dancing weapons (WizLab)
  6 death yaks (Lair:5)
  9 demonic crawlers
  5 thrashing horrors (Abyss:2)
  3 tengu warriors (D:15)
  An orc high priest (Orc:1)
  A sun demon (Abyss:2)
  4 pharaoh ants
  A skyshark (Lair:2)
  A wretched star (Abyss:2)
  7 skeletal warriors
  An anaconda zombie (Abyss:2)
  5 sun moths
  A spectral anaconda (Lair:5)
  An obsidian statue (Lair:5)
  14 orb spiders
  5 orc knights
  3 wizards
  7 deep trolls
  7 steelbarb worms
  4 necromancers
  The ghost of LavenderCorpse the Martial Artist, a novice OpSh (D:7)
  7 deep elf pyromancers
  A cyclops (shapeshifter) (D:14)
  A will-o-the-wisp (Lair:2)
  23 wolf spiders
  2 manticores (D:12)
  7 cyclopes
  A salamander (shapeshifter) (D:13)
  15 elephants (Lair:5)
  6 moths of wrath
  11 ugly things
  3 orc sorcerers
  A vault sentinel (Vaults:1)
  2 black mambas
  17 cane toads
  11 torpor snails
  2 gargoyles
  An orange demon (Abyss:2)
  A yaktaur (D:14)
  3 unseen horrors
  12 komodo dragons
  2 dire elephant skeletons (Lair:5)
  A freezing wraith (D:13)
  4 tengu conjurers
  An efreet (D:13)
  An ice devil (Abyss:2)
  2 trolls (shapeshifter)
  4 polar bears
  6 meliai (Spider:4)
  A hornet (Lair:1)
  17 trolls
  8 blink frogs (Lair:5)
  A spectral elephant (Lair:5)
  45 tarantellas
  44 jumping spiders
  8 dream sheep
  A dream sheep (shapeshifter) (D:14)
  10 slime creatures
  2 shadows (D:12)
  6 wraiths
  2 wyverns
  2 water elementals (D:15)
  18 culicivoras
  3 large abominations (Abyss:2)
  A dire elephant simulacrum (Lair:5)
  46 yaks
  4 hogs (Spider:1)
  2 steam dragons
  62 redbacks
  8 basilisks
  A fire elemental (Lair:2)
  3 vampire mosquitoes
  2 death yak simulacra (Lair:5)
  Menkaure (D:5)
  5 wargs
  4 acid dragons
  13 water moccasins
  A hell hound (Abyss:2)
  A sky beast (D:6)
  18 orc warriors
  3 black bears
  An ice beast (D:7)
  The ghost of iasek the Trooper, an amateur MiFi (D:3)
  4 elephant zombies (Lair:5)
  22 ogres
  16 wolves
  14 centaurs
  An elephant skeleton (Lair:5)
  A phantom (D:5)
  11 kobold brigands (D:7)
  2 small abominations (Abyss:2)
  5 scorpions
  11 bullfrogs
  2 cane toad simulacra (Lair:5)
  11 wights
  An elephant simulacrum (Lair:5)
  4 killer bees (D:8)
  5 electric eels
  8 howler monkeys
  A lava snake (Lair:2)
  14 orc priests
  3 hounds
  5 jellies
  A quasit (Abyss:2)
  A sleepcap (D:6)
  6 iguanas
  14 orc wizards
  19 gnolls
  8 adders
  A shadow imp (D:7)
  A white imp (D:6)
  An ufetubus (D:5)
  An adder zombie (Ossuary)
  4 worms
  3 dart slugs
  58 orcs
  5 bats
  6 endoplasms
  4 giant cockroaches
  7 goblins
  11 hobgoblins
  8 jackals
  4 quokkas
  8 ball pythons
  2 ball python skeletons (Ossuary)
  2 hobgoblin skeletons (Ossuary)
  2 hobgoblin zombies (Ossuary)
  11 kobolds
  7 rats
  3 starspawn tentacles (Abyss:2)
1028 creatures vanquished.

Vanquished Creatures (collateral kills)
  2 orb spiders (Spider:1)
2 creatures vanquished.

Vanquished Creatures (others)
  An entropy weaver (Spider:4)
  A jumping spider (Spider:1)
  A human (Spider:1)
  A redback (Spider:4)
  A butterfly (D:15)
  12 foxfires (Lair:2)
  A lurking horror (Abyss:2)
  7 starspawn tentacles (Abyss:2)
25 creatures vanquished.

Grand Total: 1055 creatures vanquished

Notes
Turn   | Place    | Note
-------+----------+-------------------------------------------
     0 | D:1      | MrShunz the Minotaur Berserker began the quest for the Orb.
     0 | D:1      | Reached XP level 1. HP: 19/19 MP: 0/0
   236 | D:2      | Reached XP level 2. HP: 3/27 MP: 1/1
   379 | D:1      | Found a faded altar of an unknown god.
   602 | D:1      | Reached XP level 3. HP: 19/33 MP: 2/2
  1290 | D:2      | Reached ** piety under Trog
  2216 | D:3      | Reached XP level 4. HP: 34/41 MP: 3/3
  2427 | D:3      | Reached skill level 5 in Axes
  2457 | D:4      | Noticed a centaur
  2520 | D:3      | Found a runed translucent gate.
  2520 | D:3      | Found a runed translucent gate.
  2520 | D:3      | Found a runed translucent gate.
  2521 | D:3      | Found an opulent altar of Gozag.
  2542 | D:3      | Noticed iasek's ghost (amateur MiFi)
  2656 | D:3      | Reached skill level 5 in Fighting
  2656 | D:3      | Reached XP level 5. HP: 43/48 MP: 4/4
  2789 | D:3      | Found a transporter.
  2802 | D:3      | Found a transporter.
  2891 | D:4      | Reached *** piety under Trog
  2969 | D:4      | Killed a centaur
  2970 | D:4      | Reached XP level 6. HP: 40/57 MP: 5/5
  3206 | D:5      | Entered Level 5 of the Dungeon
  3492 | D:5      | Reached XP level 7. HP: 56/64 MP: 6/6
  3723 | D:5      | Found a sand-covered staircase.
  3727 | Ossuary  | Entered an ossuary
  3904 | Ossuary  | Noticed a wraith
  3904 | Ossuary  | Noticed a flying skull
  3917 | Ossuary  | Noticed a flying skull
  3941 | Ossuary  | Noticed a flying skull
  3948 | Ossuary  | Noticed a flying skull
  4039 | Ossuary  | Noticed a flying skull
  4149 | Ossuary  | Noticed a wraith
  4160 | Ossuary  | Killed a wraith
  4161 | Ossuary  | Reached skill level 5 in Armour
  4161 | Ossuary  | Reached XP level 8. HP: 73/73 MP: 7/7
  4734 | D:4      | Found a shimmering altar of Xom.
  4848 | D:4      | Found Meeg Coa's Antique Weapon Emporium.
  4852 | D:4      | Bought a faintly glowing whip for 180 gold pieces
  4852 | D:4      | Identified the +7 whip "Killer Bee's Peril" {vamp, rC+
                  | Str+4 Int+3} (You bought it in a shop on level 4 of the
                  | Dungeon)
  5154 | D:5      | Reached skill level 5 in Dodging
  5413 | D:5      | Noticed Menkaure
  5426 | D:5      | Killed Menkaure
  5830 | D:6      | Found a staircase to the Ecumenical Temple.
  5835 | Temple   | Found a transporter.
  5835 | Temple   | Found a transporter.
  5835 | Temple   | Found a transporter.
  5835 | Temple   | Found a transporter.
  5835 | Temple   | Entered the Ecumenical Temple
  6013 | D:6      | Reached XP level 9. HP: 83/83 MP: 8/8
  7231 | D:7      | Found Ruliwul's Weapon Shop.
  7497 | D:7      | Noticed a deep elf pyromancer
  7501 | D:7      | Killed a deep elf pyromancer
  7502 | D:7      | Reached skill level 10 in Fighting
  7502 | D:7      | Reached skill level 10 in Axes
  7545 | D:7      | Reached **** piety under Trog
  7922 | D:7      | Found a runed translucent gate.
  7923 | D:7      | Found a runed translucent gate.
  7923 | D:7      | Noticed LavenderCorpse's ghost (novice OpSh)
  7924 | D:7      | Found a runed translucent gate.
  8126 | D:7      | Found the dreamshard necklace {Acrobat *Dream}
  8127 | D:7      | Noticed a troll
  8138 | D:7      | Killed a troll
  8139 | D:7      | Reached XP level 10. HP: 92/94 MP: 9/9
  8817 | D:8      | Found a basalt altar of Yredelemnul.
  8898 | D:8      | Found a staircase to the Lair.
  9124 | D:8      | Found a hide-covered altar of Uskayaw.
  9931 | D:10     | Entered Level 10 of the Dungeon
 10018 | D:10     | Found a flagged portal.
 10030 | Bailey   | Entered a bailey
 10267 | Bailey   | Reached ***** piety under Trog
 10821 | D:9      | Identified the ring "Zog Laoff" {Drain rC+ Str+4}
 11831 | D:10     | Noticed a gargoyle
 11844 | D:10     | Killed a gargoyle
 11845 | D:10     | Reached XP level 11. HP: 105/105 MP: 10/10
 12010 | D:10     | Found Dauti's Antique Armour Shoppe.
 12024 | D:10     | Found Cathiont's Jewellery Boutique.
 12025 | D:10     | Found Nukk's Distillery.
 12042 | D:10     | Bought a potion of curing for 39 gold pieces
 12042 | D:10     | Bought a potion of might for 52 gold pieces
 12042 | D:10     | Bought a potion of brilliance for 52 gold pieces
 12852 | Lair:1   | Entered Level 1 of the Lair of Beasts
 12948 | Lair:1   | Noticed a catoblepas
 12977 | Lair:1   | Killed a catoblepas
 13855 | D:10     | Bought a pair of glowing gloves for 202 gold pieces
 15120 | Lair:2   | Noticed a skyshark
 15129 | Lair:2   | Killed a skyshark
 15130 | Lair:2   | Reached XP level 12. HP: 117/117 MP: 11/11
 15201 | Lair:2   | Found a staircase to the Swamp.
 15513 | Lair:2   | Identified the +1 robe of Gravitas {Int+4}
 15541 | Lair:2   | Found a hole to the Spider Nest.
 15686 | Lair:2   | Reached skill level 10 in Armour
 15750 | Lair:2   | Noticed a seven-headed hydra
 15761 | Lair:2   | Killed a seven-headed hydra
 15777 | Lair:2   | Identified the +0 ring mail of the Evening Star {Dex+6}
 16146 | Lair:3   | Noticed a four-headed hydra
 16146 | Lair:3   | Noticed a catoblepas
 16162 | Lair:3   | Noticed a catoblepas
 16639 | Lair:3   | Reached skill level 15 in Axes
 16801 | Lair:3   | Reached skill level 15 in Fighting
 16829 | Lair:3   | Killed a five-headed hydra
 17374 | D:11     | Noticed a boulder beetle
 17375 | D:11     | a boulder beetle changed into a minotaur
 17375 | D:11     | Noticed a minotaur
 17382 | D:11     | Killed a minotaur
 17411 | D:11     | Reached skill level 10 in Dodging
 17851 | D:11     | Found Ytheamn's Antique Armour Shoppe.
 18005 | D:11     | Found a staircase to the Orcish Mines.
 18497 | D:12     | Reached XP level 13. HP: 113/128 MP: 12/12
 19117 | D:12     | Found the +5 robe of Night {Dark Will+ SInv}
 20494 | Lair:5   | Entered Level 5 of the Lair of Beasts
 20522 | Lair:4   | Identified the +2 morningstar of Equivalence {heavy,
                  | Fragile +Blink rElec rN+}
 21364 | Orc:1    | Entered Level 1 of the Orcish Mines
 21374 | Orc:1    | Noticed Erolcha
 21387 | Orc:1    | Killed Erolcha
 21888 | Orc:2    | Entered Level 2 of the Orcish Mines
 21889 | Orc:2    | Noticed an ettin
 22283 | D:10     | Bought a +6 ring of strength for 504 gold pieces
 22657 | D:14     | Noticed Snorg
 23742 | D:14     | Reached XP level 14. HP: 26/140 MP: 13/13
 24039 | D:15     | Entered Level 15 of the Dungeon
 24087 | D:14     | Noticed Agnes
 24999 | Lair:5   | HP: 3/140 [yak[a torpor snail] (6)]
 25862 | Lair:5   | Identified the ring of Iciecisipu {rF+ rC+}
 26335 | Lair:5   | Reached ****** piety under Trog
 26396 | Lair:5   | Received a gift from Trog
 26649 | Lair:5   | Found a staircase to the Slime Pits.
 27214 | Lair:5   | Reached XP level 15. HP: 129/150 MP: 14/14
 27869 | Orc:2    | Found Kayzor's Assorted Antiques.
 27901 | Orc:2    | Paralysed by an ogre mage for 2 turns
 28269 | Orc:2    | Received a gift from Trog
 28396 | Orc:2    | Found Boymn's Assorted Antiques.
 28398 | Orc:2    | Found a staircase to the Elven Halls.
 28401 | Orc:2    | Found Awocka's Assorted Antiques.
 28402 | Orc:2    | Found Hyungeudy's Magic Scroll Boutique.
 28426 | Orc:2    | Bought a scroll of acquirement for 780 gold pieces
 28849 | Orc:2    | Bought an embroidered cloak for 165 gold pieces
 28859 | Orc:2    | Acquired 346 gold pieces
 28866 | Orc:2    | Bought a potion of heal wounds for 170 gold pieces
 28878 | Orc:2    | Bought a scroll of enchant weapon for 112 gold pieces
 28878 | Orc:2    | Bought a scroll of teleportation for 45 gold pieces
 29220 | D:15     | Killed Snorg
 29290 | D:14     | Identified the amulet "Diogagam" {Faith Int+3}
 29355 | D:14     | Found a gate to the Vaults.
 29807 | D:14     | Received a gift from Trog
 29841 | D:14     | Killed Agnes
 30003 | Orc:2    | Bought a scroll of enchant weapon for 112 gold pieces
 30694 | D:15     | Reached XP level 16. HP: 163/163 MP: 5/15
 30700 | Abyss:2  | Found a corrupted altar of Lugonu.
 30700 | Abyss:2  | Cast into level 2 of the Abyss (a wizard)
 30875 | Abyss:2  | Noticed an Executioner
 30882 | Abyss:2  | Noticed a tentacled starspawn
 30920 | Abyss:2  | Killed a tentacled starspawn
 31288 | D:15     | Escaped the Abyss
 31499 | D:14     | Acquired the ring "Upryoc" {Will+ EV+5 Dex+5 Slay+3 SInv}
 31647 | Orc:2    | Bought a scroll of enchant weapon for 165 gold pieces
 31647 | Orc:2    | Bought a scroll of fear for 88 gold pieces
 31653 | Orc:2    | Bought a scroll of fog for 60 gold pieces
 31653 | Orc:2    | Bought 3 scrolls of enchant weapon for 337 gold pieces
 31653 | Orc:2    | Bought a scroll of fog for 60 gold pieces
 31659 | Orc:2    | Bought a scroll of enchant armour for 157 gold pieces
 31659 | Orc:2    | Bought a scroll of teleportation for 63 gold pieces
 31815 | D:15     | Found a staircase to the Depths.
 31930 | D:15     | Found Wyd Pem's General Store.
 31933 | D:15     | Found Zocaisua's Specific Store.
 31937 | D:15     | Bought a scroll of revelation for 90 gold pieces
 31941 | D:15     | Bought a scroll of fear for 68 gold pieces
 31969 | D:15     | Received a gift from Trog
 32233 | D:15     | Found a white marble altar of Elyvilon.
 32613 | D:3      | Killed iasek's ghost
 32764 | D:7      | Killed LavenderCorpse's ghost
 32889 | Spider:1 | Entered Level 1 of the Spider Nest
 32890 | Spider:1 | Noticed Kirke
 32900 | Spider:1 | Killed Kirke
 32968 | Spider:1 | Identified the +0 robe of Ycloyg {Int+2}
 33285 | Spider:1 | Reached skill level 15 in Armour
 33390 | Spider:2 | HP: 8/167 [poisoned by a wolf spider]
 33737 | Spider:1 | Received a gift from Trog
 34164 | Spider:1 | Identified the +1 sling of Caigumai {flame, rF- Str+3
                  | Dex+6}
 34389 | Spider:2 | Reached XP level 17. HP: 152/173 MP: 5/16
 35263 | Spider:3 | Received a gift from Trog
 35687 | Spider:4 | Entered Level 4 of the Spider Nest
 35894 | Spider:3 | Noticed Donald
 35904 | Spider:3 | Killed Donald
 36118 | Spider:3 | Identified the +9 spear of Ofept {holy, rElec Int+2}
 36481 | Spider:4 | Received a gift from Trog
 36595 | Spider:4 | Noticed Arachne
 36607 | Spider:4 | Killed Arachne
 36912 | Spider:4 | Received a gift from Trog
 36921 | Spider:4 | Got a gossamer rune of Zot
 37023 | Spider:4 | Reached skill level 15 in Dodging
 37023 | Spider:4 | Reached XP level 18. HP: 187/187 MP: 5/17
 37059 | Spider:4 | Noticed Aizul
 37069 | Spider:4 | Killed Aizul
 37321 | Spider:4 | Identified the +4 morningstar of Midwinter {elec, Str+3}
 37514 | D:8      | Gained mutation: You are frail. (-10% HP) [potion of
                  | mutation]
 37514 | D:8      | Gained mutation: You are partially covered in iridescent
                  | scales. (AC +2) [potion of mutation]
 37515 | D:8      | Lost mutation: You are partially covered in iridescent
                  | scales. (AC +2) [potion of mutation]
 37515 | D:8      | Lost mutation: You are frail. (-10% HP) [potion of
                  | mutation]
 37515 | D:8      | Gained mutation: You are agile. (Dex +4, Str/Int -1)
                  | [potion of mutation]
 37515 | D:8      | Gained mutation: You are vulnerable to heat. (rF-) [potion
                  | of mutation]
 37516 | D:8      | Lost mutation: You are agile. (Dex +4, Str/Int -1) [potion
                  | of mutation]
 37516 | D:8      | Lost mutation: You are vulnerable to heat. (rF-) [potion of
                  | mutation]
 37516 | D:8      | Gained mutation: You passively dampen the noise of your
                  | surroundings. [potion of mutation]
 37516 | D:8      | Gained mutation: You expend magic power (3 MP) to
                  | strengthen your wands. [potion of mutation]
 37516 | D:8      | Lost mutation: You expend magic power (3 MP) to strengthen
                  | your wands. [potion of mutation]
 37516 | D:8      | Gained mutation: Your mind is acute. (Int +4, Str/Dex -1)
                  | [potion of mutation]
 37517 | D:8      | Lost mutation: Your mind is acute. (Int +4, Str/Dex -1)
                  | [potion of mutation]
 37517 | D:8      | Lost mutation: You passively dampen the noise of your
                  | surroundings. [potion of mutation]
 37517 | D:8      | Gained mutation: Your muscles are strong. (Str +4, Int/Dex
                  | -1) [potion of mutation]
 37717 | Vaults:1 | Entered Level 1 of the Vaults
 37814 | Vaults:1 | Found a magical portal.
 37821 | WizLab   | Entered Tukima's Studio
 37867 | WizLab   | Noticed MrShunz's illusion
 37883 | WizLab   | Identified the +7 hand crossbow "Gestrieb" {speed, rN++
                  | Int+4 Dex-4}
 37922 | WizLab   | Shot with a bolt by a +7 hand crossbow "Gestrieb" {speed,
                  | rN++ Int+4 Dex-4}

Illustrated notes

Levels and vault maps discovered:
D:1:      ldierk_walled_garden_2, layout_loops_ring,
          ebering_ecumenical_altar_sacrificial
D:2:      layout_basic
D:3:      gammafunk_steamed_eel, layout_basic, ebering_ghost_gozag
D:4:      layout_basic, mainiacjoe_overflow_surrounded_room, serial_shops,
          nicolae_shop_back_alley_shop, dreamdust_mushroom_princess,
          amethyst_killhole
D:5:      layout_basic, enter_ossuary_5, uniq_menkaure
D:6:      layout_basic, temple_doors_e, dk_noncrumbling_4
D:7:      layout_loops_ring, serial_shops, nicolae_shop_hallway_plus,
          gammafunk_ghost_nasty_kobolds, minmay_small_thing
D:8:      layout_loops_corners, yredelemnul_altar_generic,
          mainiacjoe_overflow_cross_hatched, lair_entry_dummy
D:9:      layout_basic
D:10:     nicolae_moon_pools, layout_basic, enter_bailey_4,
          minmay_misc_feat_hallway, nicolae_wooded_promenade
D:11:     layout_stronghold, minmay_orc_entry_temple_small,
          nicolae_take_the_stairs
D:12:     layout_loops_corners, hellmonk_guarded_unrand_night
D:13:     layout_grid_maze, small_statue_intersection, minmay_misc_feat_tower
D:14:     minmay_the_grid_square_5x5_4x4_mashed
          [minmay_the_grid_square_5x5_spiral_small,
          minmay_the_grid_square_5x5_c, minmay_the_grid_square_5x5_three_walls,
          minmay_the_grid_square_5x5_comb, minmay_the_grid_square_5x5_two,
          minmay_the_grid_square_5x5_prize_pseudospiral,
          minmay_the_grid_square_5x5_prize_gold,
          minmay_the_grid_square_5x5_minivault, minmay_the_grid_square_5x5_v,
          minmay_the_grid_square_5x5_prize_deathbox,
          minmay_the_grid_square_5x5_prize_junk,
          minmay_the_grid_square_5x5_inset, minmay_the_grid_square_5x5_tie,
          minmay_the_grid_square_5x5_fancy_junction,
          minmay_the_grid_square_5x5_intrusive_squares,
          minmay_the_grid_square_5x5_detours], layout_rooms, erik_vaults_2,
          infiniplex_staircase_split_hallway, chequers_jeans, uniq_snorg,
          uniq_agnes
D:15:     hangedman_depths_entry_civil_slaughter, layout_cross,
          nicolae_elyvilon_peaceful_grove, minmay_misc_feat_room,
          nicolae_specific_store, lemuel_freeze_loot_1
Temple:   hellmonk_temple_divided_pantheon
Lair:1:   layout_roguey, beast_lair_carwin_10
Lair:2:   layout_gridlike, minmay_swamp_entry_wisps, spider_nest_entry_webs,
          grunt_forest_small_clearing_treed, grunt_megastairs_4,
          lemuel_fruit_tree, serial_bayou_shore_b
Lair:3:   nzn_winding_woodlands_small [nzn_winding_woodlands_5x15_longhouse,
          nzn_winding_woodlands_center_pierced_h,
          nzn_winding_woodlands_5x15_split_checker], layout_regular_city
Lair:4:   layout_cave_pods, gauntlet_entry_generic
Lair:5:   due_jungle_book, layout_regular_city, slime_entry_1,
          nicolae_quartered_pool_medium, grunt_megastairs_5
Spider:1: layout_spider_delve, uniq_kirke
Spider:2: layout_spider_delve, hangedman_spider_tarantella_strand
Spider:3: nicolae_spider_mines_2, uniq_donald
Spider:4: johnstein_spider_rune_arachne_lair, uniq_arachne, uniq_aizul
Orc:1:    layout_diamond_mine, mines1_david, uniq_erolcha
Orc:2:    st_orc_open, layout_caves, minmay_orc_temple_a
Vaults:1: mu_enter_wizlab_6, vaults_dpeg_spiral, v_rooms_1,
          hangedman_vaults_corner, v_misc_18, v_misc_23,
          nicolae_vaults_trapezoid_3, hangedman_vaults_stitches, v_pattern_3,
          nicolae_vaults_wrenched, nicolae_vaults_trapezoid_lopsided_3,
          layout_vaults_ring
WizLab:   wizlab_tukima

Skill      XL: |  1  2  3  4  5  6  7  8  9 10 11 12 13 14 15 16 17 18 |
---------------+-------------------------------------------------------+-----
Axes           | 4 5 6 7 9 10 12 14 15 17 18 20 21 22 23 | 23.3
Fighting       | 4 5 6 7 9 10 12 14 15 17 18 20 21 22 23 | 23.3
Armour         | 3 4 5 6 7 8 9 10 12 13 14 15 16 | 16.5
Dodging        | 3 4 5 6 7 9 10 11 12 13 14 15 | 15.3

Action                     |  1- 3 |  4- 6 |  7- 9 | 10-12 | 13-15 | 16-18 || total
---------------------------+-------+-------+-------+-------+-------+-------++-------
  Melee: Hand axe          |    86 |    96 |    93 |       |       |       ||   275
         Headbutt          |    13 |    11 |    41 |   106 |   187 |   170 ||   528
         Punch             |     1 |     1 |     1 |     2 |       |       ||     5
         Battleaxe         |       |       |   149 |   459 |   632 |       ||  1240
         Whip              |       |       |       |    12 |       |       ||    12
         Scimitar          |       |       |       |       |    41 |       ||    41
         Executioner's axe |       |       |       |       |    39 |   746 ||   785
 Invoke: Berserk           |       |     2 |     6 |     7 |    12 |    10 ||    37
         Trog's Hand       |       |     1 |     1 |     7 |     2 |     3 ||    14
         Brothers in Arms  |       |       |       |       |       |     1 ||     1
  Evoke: Wand              |       |       |       |    11 |     4 |     1 ||    16
    Use: Scroll            |       |     3 |     9 |    10 |    14 |     9 ||    45
         Potion            |       |       |     6 |     2 |     3 |     9 ||    20
   Stab: Sleeping          |       |     1 |     2 |       |       |       ||     3
 Armour: Animal skin       |    27 |    32 |    43 |       |       |       ||   102
         Plate armour      |       |       |   104 |   382 |   628 |   417 ||  1531
  Dodge: Dodged            |    54 |    58 |   169 |   344 |   687 |   834 ||  2146
         Repelled          |       |       |       |       |     4 |       ||     4

Table legend: (Time is in decaauts)
 A = Elapsed time spent in this place.
 B = Non-inter-level travel time spent in this place.
 C = Inter-level travel time spent in this place.
 D = Time resting spent in this place.
 E = Time spent auto-exploring this place.
 F = Levels seen in this place.
 G = Mean time per level.
                   A        B        C        D        E       F      G
               +--------+--------+--------+--------+--------+-----+--------+
         Total |  38150 |  30848 |   7302 |    768 |  24381 |  32 | 1192.2 |
       Dungeon |  20401 |  15291 |   5110 |    177 |  12672 |  15 | 1360.1 |
        Temple |      1 |      1 |      0 |      0 |      0 |   1 |    1.0 |
          Lair |   8979 |   7609 |   1370 |    260 |   6116 |   5 | 1795.8 |
   Spider Nest |   4505 |   4145 |    360 |    309 |   2747 |   4 | 1126.2 |
  Orcish Mines |   2410 |   1990 |    420 |     17 |   1609 |   2 | 1205.0 |
        Vaults |     94 |     54 |     40 |      0 |     11 |   1 |   94.0 |
         Abyss |    586 |    586 |      0 |      1 |    375 |   1 |  586.0 |
       Ossuary |    622 |    622 |      0 |      0 |    485 |   1 |  622.0 |
        Bailey |    476 |    476 |      0 |      3 |    350 |   1 |  476.0 |
        Wizlab |     72 |     72 |      0 |      0 |     15 |   1 |   72.0 |
               +--------+--------+--------+--------+--------+-----+--------+

Top non-repeatable levels by time:
    D:13: 2637 daAuts
  Lair:1: 2168 daAuts
  Lair:3: 2043 daAuts
  Lair:5: 1846 daAuts
     D:9: 1743 daAuts
    D:10: 1688 daAuts
  Lair:4: 1596 daAuts
     D:5: 1569 daAuts
   Orc:1: 1485 daAuts
     D:8: 1459 daAuts
     D:7: 1430 daAuts
    D:14: 1413 daAuts
     D:6: 1380 daAuts
    D:12: 1326 daAuts
  Lair:2: 1325 daAuts
